 Dungeon Crawl Stone Soup version 0.21-a0-442-g848f44b (webtiles) character file.

548 slep the Twirler (level 7, 0/51 HPs)
             Began as a Demonspawn Wanderer on Nov 14, 2017.
             Succumbed to a scorpion's poison
             ... on level 5 of the Dungeon.
             The game lasted 00:25:20 (4558 turns).

slep the Twirler (Demonspawn Wanderer)              Turns: 4558, Time: 00:25:21

Health: 0/51       AC: 12    Str: 16 (19) XL:     7   Next: 7%
Magic:  10/10      EV: 11    Int: 18 (21) God:
Gold:   224        SH:  0    Dex:  7 (10) Spells: 10/10 levels left

rFire    . . .     SeeInvis +   r - +0 mace
rCold    . . .     Gourm    .   (no shield)
rNeg     . . .     Faith    .   k - +0 ring mail
rPois    .         Spirit   .   (no helmet)
rElec    .         Reflect  .   i - +0 cloak
rCorr    .         Harm     .   (no gloves)
MR       .....                  (no boots)
Stlth    +.........             (no amulet)
HPRegen  0.17/turn              t - ring of see invisible
MPRegen  0.12/turn              (no ring)

@: mighty, brilliant, lethally poisoned (0 -> -3), sanguine armour, flying
A: talons 1, demonic guardian 1, sanguine armour 1
a: no special abilities


You were on level 5 of the Dungeon.
You were very hungry.

You visited 1 branch of the dungeon, and saw 5 of its levels.

You collected 224 gold pieces.

Inventory:

Hand Weapons
 a - a +2 dagger
 r - a +0 mace (weapon)
 y - a +1 scythe of venom
Missiles
 n - 8 tomahawks (quivered)
Armour
 i - a +0 cloak (worn)
 k - a +0 ring mail (worn)
Jewellery
 t - a ring of see invisible (left hand)
Wands
 h - a wand of flame (32/48)
 w - a wand of random effects (35/48)
Scrolls
 b - a scroll of blinking
 c - 2 scrolls of teleportation
 g - a scroll of fear {unknown}
 j - 2 scrolls of remove curse {unknown}
 o - 6 scrolls of identify {unknown}
 p - a scroll of enchant weapon {unknown}
 s - 2 scrolls of magic mapping {unknown}
 x - a scroll of noise {unknown}
Potions
 e - a potion of flight
 v - a potion of haste
 z - a potion of brilliance
Comestibles
 d - 5 fruits
 f - 3 bread rations
 m - 2 meat rations
 q - 2 royal jellies


   Skills:
 + Level 2.4 Fighting
 + Level 2.9 Short Blades
 + Level 2.0(3.3) Maces & Flails
 + Level 0.9(2.6) Polearms
   Level 3.9(4.3) Staves
 + Level 1.1 Throwing
 + Level 3.5 Armour
 + Level 2.0 Dodging
 + Level 1.2 Stealth
 + Level 2.1 Spellcasting
   Level 1.1 Necromancy


You had 10 spell levels left.
You didn't know any spells.

Dungeon Overview and Level Annotations

Branches:
Dungeon (5/15)
 Temple: D:4-7

Altars:
Makhleb

Shops:
D:4 %


Innate Abilities, Weirdness & Mutations

You have sharp toenails.
A weak demonic guardian rushes to your aid.
When seriously injured, your bleeding wounds create armour. (AC +6)


Message History

Your shadow imp disappears in a puff of smoke!
* * * LOW HITPOINT WARNING * * *
You feel sick.
* * * LOW HITPOINT WARNING * * *
You feel sick.
You see here a scorpion corpse.
You eat one of the 6 fruits.
You are feeling very hungry.
That durian smelled terrible... but tasted delicious!
There are no objects that can be picked up here. a scorpion corpse
* * * LOW HITPOINT WARNING * * *
You feel sick.
There is a lethal amount of poison in your body!
Unknown command.
* * * LOW HITPOINT WARNING * * *
You feel sick.
* * * LOW HITPOINT WARNING * * *
You feel sick.
You die...

...........##.####
.................#
............#.##.#
##+#........#.##.#
#.####+#[#.#.##.#
#. #.#.#.#.##.# #.
#.#.#...##.#
#.####.#.#...##.#
#.@.....†..?.##.#
######.#.##..#
...#.##.>...
#####.######## #.#
#.# #.# #.#


There were no monsters in sight!

Vanquished Creatures
  A howler monkey (D:2)
  A hound (D:4)
  2 orc wizards (D:3)
  A worker ant (D:3)
  A gnoll (D:1)
  10 adders
  An ooze (D:4)
  An adder skeleton (D:4)
  4 worms
  3 leopard geckos
  4 orcs (D:3)
  A giant cockroach (D:1)
  8 goblins
  6 hobgoblins
  2 jackals (D:2)
  A ball python (D:1)
  4 bats
  9 frilled lizards
  4 kobolds
  5 rats
69 creatures vanquished.

Vanquished Creatures (collateral kills)
  Sigmund (D:3)
  2 scorpions
  2 crimson imps (D:5)
  An orc (D:3)
6 creatures vanquished.

Grand Total: 75 creatures vanquished

Notes
Turn   | Place    | Note
-------+----------+-------------------------------------------
     0 | D:1      | slep the Demonspawn Wanderer began the quest for the Orb.
     0 | D:1      | slep set off with: a +2 dagger, a scroll of blinking, a scroll of teleportation, a +0 quarterstaff, a +0 robe, a bread ration
     0 | D:1      | Reached XP level 1. HP: 15/15 MP: 3/3
   351 | D:1      | Gained mutation: When seriously injured, your bleeding wounds create armour. (AC +6) [demonic ancestry]
   351 | D:1      | Reached XP level 2. HP: 10/21 MP: 5/5
   602 | D:1      | Reached skill level 1 in Armour
   874 | D:2      | Reached skill level 1 in Short Blades
   874 | D:2      | Reached XP level 3. HP: 16/26 MP: 6/6
  1275 | D:2      | Reached XP level 4. HP: 3/32 MP: 7/7
  2614 | D:3      | Reached skill level 1 in Dodging
  2667 | D:3      | Gained mutation: A weak demonic guardian rushes to your aid. [demonic ancestry]
  2667 | D:3      | Reached XP level 5. HP: 25/37 MP: 8/8
  2756 | D:3      | HP: 1/38 [scorpion (6)]
  2948 | D:3      | Noticed Sigmund
  2968 | D:3      | Killed Sigmund
  2968 | D:3      | Gained mutation: You have sharp toenails. [demonic ancestry]
  2968 | D:3      | Reached XP level 6. HP: 25/44 MP: 9/9
  3242 | D:3      | Reached skill level 1 in Maces & Flails
  3262 | D:3      | Found a burning altar of Makhleb.
  3948 | D:4      | Found Oxuxkiab's Food Shoppe.
  4460 | D:5      | Entered Level 5 of the Dungeon
  4493 | D:5      | Reached XP level 7. HP: 46/51 MP: 10/10
  4553 | D:5      | HP: 2/51 [poisoned by a scorpion]
  4558 | D:5      | Succumbed to a scorpion's poison

Vault maps used:
D:1:      elethiomel_arrival_shortcut
D:3:      old_standard_altar, uniq_sigmund
D:4:      first_bread, kennysheep_windowed_goal
D:5:      chequers_temple_overflow_statue_of_worship, minmay_temple_entry_grid

Skill      XL: |  1  2  3  4  5  6  7 |
---------------+----------------------+-----
Armour         | 1 2 3 |  3.5
Short Blades   | 1 2 |  2.9
Dodging        | 1 2 |  2.0
Fighting       | 2 |  2.4
Maces & Flails | 1 2 |  2.0
Polearms       | |  0.9
Staves         | |  3.9
Throwing       | |  1.1
Stealth        | |  1.2
Spellcasting   | |  2.1
Necromancy     | |  1.1

Action                   |  1- 3 |  4- 6 |  7- 9 || total
-------------------------+-------+-------+-------++-------
Melee: Dagger            |   128 |   145 |       ||   273
       Whip              |       |    56 |       ||    56
       Mace              |       |    57 |    11 ||    68
       Kick              |       |    15 |     1 ||    16
       Scythe            |       |     9 |       ||     9
Throw: Tomahawk          |       |     4 |       ||     4
  Use: Potion            |     1 |     6 |     4 ||    11
  Eat: Chunk             |     1 |     9 |       ||    10
       Fruit             |       |       |     1 ||     1
Armor: Leather armour    |     9 |       |       ||     9
       Robe              |     4 |       |       ||     4
       Ring mail         |    27 |    93 |     4 ||   124
Dodge: Dodged            |    57 |   143 |     4 ||   204

Table legend:
 A = Spawn XP
 B = Non-spawn XP
 C = Spawn XP percentage of total XP
 D = Spawn monster count
 E = Non-spawn monster count
 F = Spawn count percentage of total count
 G = Total turns spent on level
                    A         B        C        D         E        F      G
               +---------+---------+-------+---------+---------+-------+---------
         Total |       0 |     783 |   0.0 |       0 |      75 |   0.0 |  4558
               +---------+---------+-------+---------+---------+-------+---------
           D:1 |       0 |      42 |   0.0 |       0 |      18 |   0.0 |  1206
           D:2 |       0 |      88 |   0.0 |       0 |      16 |   0.0 |  1291
           D:3 |       0 |     461 |   0.0 |       0 |      31 |   0.0 |  1111
           D:4 |       0 |      85 |   0.0 |       0 |       6 |   0.0 |   852
           D:5 |       0 |     107 |   0.0 |       0 |       4 |   0.0 |    98
               +---------+---------+-------+---------+---------+-------+---------
